[ AOE2 MATCH · #504899750 ]
UnrankedBurgundians vs Bohemians
Player's team · LOSS
Rival team · WIN
[ REPLAY ANALYSIS · EXTRACTED FROM THE RECORDED GAME ]
Feudal
9:22
Castle
20:37
Imperial
—
| APM avg | 67.3 |
| APM peak | 109 |
| eAPM avg | 33.3 |
| Villagers / military | 66 / 41 |
Focus
⚔️ 43.9% · 🌾 56.1%
Knight ×25 · Scout Cavalry ×6 · Battering Ram ×5 · Scorpion ×2 · Flemish Militia ×2 · Monk ×1
Feudal
10:41
Castle
19:20
Imperial
—
| APM avg | 47.3 |
| APM peak | 74 |
| eAPM avg | 22.5 |
| Villagers / military | 76 / 56 |
Focus
⚔️ 34.7% · 🌾 65.3%
Monk ×20 · Archer ×18 · Hussite Wagon ×6 · Spearman ×4 · Skirmisher ×4 · Militia ×3
Match map
Initial resources + every placement click. Lines = walls · curves = elevation contours. ◆ gold · ⬟ stone · ● berries · ✦ relic · ◌ wall gap
Your base· ✓ Closed at 20:37 · 53t walls · 1 gate(s)
Escalus's base· ✓ Closed at 19:20 · 41t walls · no gate
Smoothed initial terrain · ◌ = detected wall gap · hover for details
Inputs per minute
— Theodahad - - Escalus
Build order — Theodahad
First 150 of 216 actions detected
| 0:00 | Queue | Villager (Male) |
| 0:00 | Queue | Villager (Male) |
| 0:00 | Queue | Villager (Male) |
| 0:01 | Queue | Villager (Male) |
| 0:02 | Build | House |
| 0:03 | Build | House |
| 1:23 | Queue | Villager (Male) |
| 1:23 | Queue | Villager (Male) |
| 1:59 | Queue | Villager (Male) |
| 1:59 | Queue | Villager (Male) |
| 2:08 | Build | Lumber Camp |
| 2:11 | Queue | Villager (Male) |
| 2:11 | Queue | Villager (Male) |
| 2:45 | Queue | Villager (Male) |
| 2:59 | Research | Double-Bit Axe |
| 3:19 | Queue | Villager (Male) |
| 3:20 | Queue | Villager (Male) |
| 3:44 | Queue | Villager (Male) |
| 3:48 | Build | House |
| 4:12 | Queue | Villager (Male) |
| 4:30 | Queue | Villager (Male) |
| 4:54 | Queue | Villager (Male) |
| 4:54 | Queue | Villager (Male) |
| 4:55 | Queue | Villager (Male) |
| 5:19 | Queue | Villager (Male) |
| 5:28 | Build | Mill |
| 5:33 | Research | Loom |
| 6:25 | Build | House |
| 6:40 | Queue | Villager (Male) |
| 6:42 | Build | House |
| 7:12 | Research | Feudal Age |
| 7:33 | Build | Mill |
| 8:38 | Build | Palisade Wall |
| 8:41 | Build | Palisade Wall |
| 8:42 | Build | Palisade Wall |
| 8:44 | Build | Palisade Wall |
| 9:00 | Build | Barracks |
| 9:09 | Build | Palisade Wall |
| 9:11 | Build | Palisade Wall |
| 9:12 | Build | Palisade Wall |
| 9:14 | Build | Palisade Wall |
| 9:22 | Age | Feudal Age |
| 9:24 | Queue | Villager (Male) |
| 9:41 | Queue | Flemish Militia |
| 9:44 | Queue | Flemish Militia |
| 9:46 | Queue | Villager (Male) |
| 9:55 | Build | Lumber Camp |
| 10:01 | Build | Lumber Camp |
| 10:12 | Build | Stable |
| 10:15 | Queue | Villager (Male) |
| 10:27 | Queue | Villager (Male) |
| 10:29 | Research | Horse Collar |
| 10:39 | Queue | Villager (Male) |
| 10:40 | Build | Farm |
| 10:41 | Build | Farm |
| 10:55 | Queue | Scout Cavalry |
| 11:07 | Build | Farm |
| 11:09 | Build | Farm |
| 11:17 | Queue | Scout Cavalry |
| 11:18 | Queue | Villager (Male) |
| 11:21 | Build | Farm |
| 11:35 | Build | House |
| 11:56 | Queue | Villager (Male) |
| 12:07 | Queue | Scout Cavalry |
| 12:13 | Build | Lumber Camp |
| 12:16 | Build | House |
| 12:18 | Queue | Villager (Male) |
| 12:37 | Build | House |
| 12:42 | Queue | Villager (Male) |
| 12:45 | Build | Farm |
| 12:52 | Build | Farm |
| 12:57 | Queue | Scout Cavalry |
| 13:06 | Queue | Villager (Male) |
| 13:09 | Build | Palisade Wall |
| 13:21 | Queue | Villager (Male) |
| 13:28 | Build | Farm |
| 13:29 | Build | Farm |
| 13:34 | Build | Farm |
| 13:38 | Build | Palisade Wall |
| 13:43 | Queue | Scout Cavalry |
| 13:49 | Queue | Villager (Male) |
| 13:53 | Build | Farm |
| 14:08 | Build | Farm |
| 14:16 | Build | Palisade Wall |
| 14:17 | Build | Palisade Wall |
| 14:21 | Queue | Villager (Male) |
| 14:25 | Build | Palisade Wall |
| 14:36 | Research | Bow Saw |
| 14:36 | Research | Bow Saw |
| 14:40 | Build | Palisade Wall |
| 14:45 | Queue | Villager (Male) |
| 14:54 | Build | Farm |
| 15:06 | Build | House |
| 15:14 | Queue | Villager (Male) |
| 15:17 | Build | Farm |
| 15:29 | Queue | Villager (Male) |
| 15:41 | Build | Mining Camp |
| 15:47 | Build | Palisade Wall |
| 15:48 | Queue | Villager (Male) |
| 15:58 | Build | Blacksmith |
| 16:09 | Build | House |
| 16:22 | Queue | Villager (Male) |
| 16:24 | Build | Farm |
| 16:46 | Research | Scale Barding Armor |
| 16:52 | Queue | Villager (Male) |
| 17:12 | Build | Farm |
| 17:21 | Queue | Villager (Male) |
| 17:25 | Build | Farm |
| 17:40 | Build | Stable |
| 17:57 | Research | Castle Age |
| 18:05 | Research | Scale Barding Armor |
| 18:05 | Research | Scale Barding Armor |
| 18:17 | Research | Bow Saw |
| 18:39 | Build | Palisade Gate |
| 18:45 | Research | Forging |
| 18:54 | Research | Gold Mining |
| 19:17 | Build | House |
| 19:48 | Research | Wheelbarrow |
| 19:52 | Build | House |
| 19:57 | Build | Lumber Camp |
| 20:37 | Age | Castle Age |
| 20:41 | Research | Cavalier (upgrade) |
| 20:42 | Build | Siege Workshop |
| 20:52 | Research | Chain Barding Armor |
| 20:54 | Queue | Knight |
| 21:12 | Queue | Scorpion |
| 21:22 | Queue | Knight |
| 21:31 | Queue | Scorpion |
| 21:33 | Queue | Villager (Male) |
| 21:35 | Build | House |
| 21:37 | Build | House |
| 21:39 | Build | House |
| 21:40 | Build | House |
| 21:45 | Build | House |
| 22:03 | Build | House |
| 22:16 | Queue | Knight |
| 22:29 | Queue | Villager (Male) |
| 22:46 | Build | Monastery |
| 22:47 | Queue | Knight |
| 22:56 | Queue | Villager (Male) |
| 23:07 | Research | Husbandry |
| 23:14 | Queue | Knight |
| 23:15 | Queue | Villager (Male) |
| 23:15 | Queue | Villager (Male) |
| 23:31 | Build | Town Center |
| 23:38 | Queue | Knight |
| 23:42 | Build | Farm |
| 23:49 | Queue | Knight |
| 23:53 | Queue | Villager (Male) |
| 24:05 | Research | Light Cavalry (upgrade) |
Build order — Escalus
First 150 of 222 actions detected
| 0:00 | Queue | Villager (Male) |
| 0:01 | Queue | Villager (Male) |
| 0:01 | Build | House |
| 0:02 | Build | House |
| 0:05 | Queue | Villager (Male) |
| 0:09 | Queue | Villager (Male) |
| 1:32 | Queue | Villager (Male) |
| 1:46 | Build | Lumber Camp |
| 1:58 | Queue | Villager (Male) |
| 2:13 | Queue | Villager (Male) |
| 2:48 | Queue | Villager (Male) |
| 3:03 | Queue | Villager (Male) |
| 3:36 | Queue | Villager (Male) |
| 3:49 | Queue | Villager (Male) |
| 4:07 | Build | House |
| 4:15 | Build | House |
| 4:25 | Queue | Villager (Male) |
| 4:25 | Queue | Villager (Male) |
| 4:52 | Queue | Villager (Male) |
| 5:11 | Queue | Villager (Male) |
| 5:25 | Build | Barracks |
| 5:35 | Queue | Villager (Male) |
| 5:53 | Queue | Villager (Male) |
| 6:05 | Build | Mill |
| 6:21 | Queue | Villager (Male) |
| 6:25 | Queue | Militia |
| 6:25 | Queue | Militia |
| 6:30 | Queue | Militia |
| 6:57 | Build | House |
| 7:04 | Research | Loom |
| 7:04 | Queue | Villager (Male) |
| 7:50 | Queue | Villager (Male) |
| 8:31 | Research | Feudal Age |
| 9:18 | Build | Palisade Wall |
| 9:19 | Build | Palisade Wall |
| 9:19 | Build | Palisade Wall |
| 9:20 | Build | Palisade Wall |
| 9:23 | Build | Palisade Wall |
| 10:01 | Build | Farm |
| 10:03 | Build | Farm |
| 10:41 | Age | Feudal Age |
| 10:42 | Queue | Villager (Male) |
| 10:44 | Build | Archery Range |
| 10:46 | Build | Farm |
| 10:48 | Build | Farm |
| 11:08 | Queue | Villager (Male) |
| 11:11 | Build | Mining Camp |
| 11:24 | Build | House |
| 11:28 | Build | Palisade Wall |
| 11:29 | Queue | Villager (Male) |
| 11:31 | Build | Palisade Wall |
| 11:33 | Queue | Skirmisher |
| 11:33 | Queue | Skirmisher |
| 11:45 | Queue | Villager (Male) |
| 11:52 | Build | Palisade Wall |
| 11:56 | Build | Palisade Wall |
| 11:59 | Queue | Villager (Male) |
| 12:02 | Queue | Skirmisher |
| 12:05 | Queue | Spearman |
| 12:20 | Build | Farm |
| 12:21 | Queue | Villager (Male) |
| 12:25 | Build | Palisade Wall |
| 12:26 | Build | Palisade Wall |
| 12:27 | Build | Palisade Wall |
| 12:32 | Build | Palisade Wall |
| 12:44 | Queue | Skirmisher |
| 12:49 | Build | Farm |
| 12:57 | Build | House |
| 13:02 | Queue | Villager (Male) |
| 13:11 | Queue | Archer |
| 13:12 | Queue | Villager (Male) |
| 13:23 | Queue | Spearman |
| 13:27 | Queue | Villager (Male) |
| 13:38 | Queue | Villager (Male) |
| 13:43 | Queue | Spearman |
| 13:54 | Queue | Villager (Male) |
| 13:57 | Build | House |
| 13:59 | Build | Farm |
| 14:06 | Queue | Archer |
| 14:08 | Queue | Villager (Male) |
| 14:18 | Build | House |
| 14:20 | Build | Farm |
| 14:37 | Build | Palisade Wall |
| 14:39 | Build | Palisade Wall |
| 14:41 | Build | Palisade Wall |
| 14:43 | Queue | Villager (Male) |
| 14:45 | Build | Farm |
| 15:09 | Queue | Villager (Male) |
| 15:26 | Build | Palisade Wall |
| 15:34 | Build | Market |
| 15:42 | Queue | Villager (Male) |
| 16:13 | Build | Mining Camp |
| 16:40 | Research | Castle Age |
| 17:04 | Build | Blacksmith |
| 17:06 | Build | House |
| 17:22 | Queue | Spearman |
| 17:26 | Queue | Archer |
| 17:44 | Queue | Archer |
| 18:04 | Queue | Archer |
| 18:18 | Queue | Villager (Male) |
| 18:20 | Queue | Archer |
| 18:28 | Research | Fletching |
| 18:40 | Build | Farm |
| 18:41 | Research | Horse Collar |
| 18:42 | Research | Double-Bit Axe |
| 19:03 | Queue | Archer |
| 19:20 | Age | Castle Age |
| 19:22 | Build | Farm |
| 19:22 | Queue | Villager (Male) |
| 19:28 | Research | Bodkin Arrow |
| 19:34 | Build | Farm |
| 19:37 | Build | Farm |
| 19:42 | Research | Crossbowman (upgrade) |
| 20:05 | Build | Farm |
| 20:06 | Build | Farm |
| 20:07 | Queue | Archer |
| 20:07 | Queue | Archer |
| 20:08 | Queue | Villager (Male) |
| 20:26 | Queue | Archer |
| 20:29 | Queue | Villager (Male) |
| 20:47 | Build | House |
| 20:50 | Queue | Villager (Male) |
| 21:02 | Queue | Villager (Male) |
| 21:11 | Build | Farm |
| 21:13 | Build | Farm |
| 21:15 | Queue | Villager (Male) |
| 21:16 | Queue | Archer |
| 21:16 | Queue | Archer |
| 21:32 | Queue | Archer |
| 21:34 | Queue | Villager (Male) |
| 21:51 | Queue | Villager (Male) |
| 21:56 | Queue | Villager (Male) |
| 21:58 | Build | Farm |
| 22:04 | Queue | Villager (Male) |
| 22:05 | Build | House |
| 22:05 | Build | House |
| 22:05 | Build | House |
| 22:05 | Build | House |
| 22:30 | Queue | Villager (Male) |
| 22:31 | Build | Lumber Camp |
| 22:39 | Build | Castle |
| 22:40 | Queue | Archer |
| 22:55 | Build | Castle |
| 22:57 | Queue | Archer |
| 23:08 | Build | Monastery |
| 23:12 | Queue | Villager (Male) |
| 23:13 | Queue | Archer |
| 23:13 | Queue | Archer |
| 23:21 | Build | Palisade Wall |
| 23:31 | Build | Palisade Gate |
Match timeline
| 5:25 | Escalus · first_building Barracks |
| 8:38 | Theodahad · wall_segment Palisade Wall x1 |
| 8:41 | Theodahad · wall_segment Palisade Wall x1 |
| 8:42 | Theodahad · wall_segment Palisade Wall x1 |
| 8:44 | Theodahad · wall_segment Palisade Wall x1 |
| 9:00 | Theodahad · first_building Barracks |
| 9:09 | Theodahad · wall_segment Palisade Wall x1 |
| 9:11 | Theodahad · wall_segment Palisade Wall x1 |
| 9:12 | Theodahad · wall_segment Palisade Wall x1 |
| 9:14 | Theodahad · wall_segment Palisade Wall x1 |
| 9:18 | Escalus · wall_segment Palisade Wall x1 |
| 9:19 | Escalus · wall_segment Palisade Wall x1 |
| 9:19 | Escalus · wall_segment Palisade Wall x1 |
| 9:20 | Escalus · wall_segment Palisade Wall x1 |
| 9:22 | Theodahad · age_up feudal |
| 9:23 | Escalus · wall_segment Palisade Wall x2 |
| 10:12 | Theodahad · first_building Stable |
| 10:41 | Escalus · age_up feudal |
| 10:44 | Escalus · first_building Archery Range |
| 11:28 | Escalus · wall_segment Palisade Wall x5 |
| 11:31 | Escalus · wall_segment Palisade Wall x2 |
| 11:52 | Escalus · wall_segment Palisade Wall x4 |
| 11:56 | Escalus · wall_segment Palisade Wall x5 |
| 12:25 | Escalus · wall_segment Palisade Wall x1 |
| 12:26 | Escalus · wall_segment Palisade Wall x1 |
| 12:27 | Escalus · wall_segment Palisade Wall x1 |
| 12:32 | Escalus · wall_segment Palisade Wall x3 |
| 13:09 | Theodahad · wall_segment Palisade Wall x7 |
| 13:38 | Theodahad · wall_segment Palisade Wall x6 |
| 14:16 | Theodahad · wall_segment Palisade Wall x5 |
| 14:17 | Theodahad · wall_segment Palisade Wall x1 |
| 14:25 | Theodahad · wall_segment Palisade Wall x6 |
| 14:37 | Escalus · wall_segment Palisade Wall x6 |
| 14:39 | Escalus · wall_segment Palisade Wall x3 |
| 14:40 | Theodahad · wall_segment Palisade Wall x20 |
| 14:41 | Escalus · wall_segment Palisade Wall x3 |
| 15:26 | Escalus · wall_segment Palisade Wall x1 |
| 15:47 | Theodahad · wall_segment Palisade Wall x5 |
| 16:40 | Escalus · first_market_buy 100 food |
| 19:20 | Escalus · age_up castle |
| 19:38 | Escalus · first_market_sell 100 stone |
| 20:37 | Theodahad · age_up castle |
| 20:42 | Theodahad · first_building Siege Workshop |
| 22:39 | Escalus · first_building Castle |
| 22:46 | Theodahad · first_building Monastery |
| 23:08 | Escalus · first_building Monastery |
| 23:21 | Escalus · wall_segment Palisade Wall x2 |
| 29:12 | Theodahad · first_market_sell 100 wood |
| 29:13 | Theodahad · first_market_buy 100 food |
| 30:07 | Theodahad · resign |
[ AI ANALYSIS · 1 CREDIT ]
What really happened in this match?
Wolo.gg analyzes every decision: build order, eco, micro, common mistakes by bracket. Personalized analysis on WhatsApp or Discord in 30 seconds.
Civ guide
Burgundians
Perfil
Jugador #405445